 Dungeon Crawl Stone Soup version 0.20-a0-1086-g4bd2f5b (webtiles) character file.

31 GlaceonGamingDJ the Cutter (level 3, 0/39 HPs)
             Began as a Troll Berserker on May 2, 2017.
             Was a Follower of Trog.
             Slain by a gnoll
             ... wielding a +0 halberd
              (11 damage)
             ... on level 2 of the Dungeon on Nov 12, 2017.
             The game lasted 00:05:11 (753 turns).

GlaceonGamingDJ the Cutter (Troll Berserker)         Turns: 753, Time: 00:05:12

Health: 0/39       AC:  5    Str: 26    XL:     3   Next: 7%
Magic:  2/2        EV: 10    Int:  3    God:    Trog [*.....]
Gold:   41         SH:  0    Dex:  9    Spells: 2/2 levels left

rFire    + . .     SeeInvis .   a - +0 short sword
rCold    . . .     Gourm    +   (no shield)
rNeg     . . .     Faith    .   b - +0 animal skin
rPois    .         Spirit   .   (helmet restricted)
rElec    .         Reflect  .   (no cloak)
rCorr    .         Harm     .   (gloves unavailable)
MR       .....                  (boots unavailable)
Stlth    +.........             (no amulet)
Regen    0.6/turn               (no ring)
MPRegen  0.1/turn               (no ring)

@: no status effects
A: unfitting armour, claws 3, talons 1, fire resistance 1, fast metabolism 3,
gourmand, regeneration 1, robust 1, shaggy fur 1, tough skin 2
a: Berserk, Burn Spellbooks, Renounce Religion


You were on level 2 of the Dungeon.
You worshipped Trog.
Trog was aware of your devotion.
You were very full.

You visited 1 branch of the dungeon, and saw 2 of its levels.

You collected 41 gold pieces.

Inventory:

Hand Weapons
 a - a +0 short sword (weapon)
 d - a +0 club
Armour
 b - a +0 animal skin (worn)
Scrolls
 c - a scroll of remove curse
 e - a scroll of teleportation
Comestibles
 f - 3 chunks of flesh


   Skills:
 + Level 2.7 Fighting
 + Level 3.0 Short Blades
 + Level 2.7 Dodging


You had 2 spell levels left.
You didn't know any spells.

Dungeon Overview and Level Annotations

Branches:
Dungeon (2/15)

Altars:


Innate Abilities, Weirdness & Mutations

You are too large for most types of armour.
You have claws for hands.
Your metabolism is lightning-fast.
You like to eat raw meat.
Your natural rate of healing is unusually fast.
You are covered in fur. (AC +1)
You have very tough skin. (AC +2)
You have sharp toenails.
Your flesh is heat resistant. (rF+)
You are robust. (+10% HP)


Message History

The rat barely misses you.
The gnoll hits you from afar with a halberd of chopping.
You puncture the rat!
You kill the rat!
Trog accepts your kill. The gnoll barely misses you.
The gnoll closely misses you.
A gnoll comes into view. It is wielding a spear.
The gnoll hits you but does no damage.
You barely miss the gnoll. The gnoll misses you.
You closely miss the gnoll. You claw the gnoll, but do no damage.
The gnoll closely misses you.
The gnoll hits you with a halberd of chopping!
You closely miss the gnoll. You claw the gnoll, but do no damage.
The gnoll barely misses you.
The gnoll hits you with a halberd of chopping.
* * * LOW HITPOINT WARNING * * *
A gnoll comes into view. It is wielding a halberd.
You completely miss the gnoll.
The gnoll hits you from afar with a halberd!
You die...

# ## #.
#.
#.##.
....
#.g
#.g####
#.g@<.#
#.###.#
# .# .#
.. .#
.# ..


You could see 3 gnolls.

Vanquished Creatures
  An adder (D:2)
  A dart slug (D:1)
  A leopard gecko (D:1)
  3 goblins (D:1)
  3 hobgoblins (D:1)
  2 jackals (D:1)
  3 kobolds (D:1)
  2 bats (D:1)
  2 rats
18 creatures vanquished.

Notes
Turn   | Place    | Note
-------+----------+-------------------------------------------
     0 | D:1      | GlaceonGamingDJ the Troll Berserker began the quest for the Orb.
     0 | D:1      | Reached XP level 1. HP: 22/22 MP: 0/0
     5 | D:1      | Gained mutation: You have sharp toenails. [potion of mutation]
     5 | D:1      | Gained mutation: You are robust. (+10% HP) [potion of mutation]
     5 | D:1      | Gained mutation: Your flesh is heat resistant. (rF+) [potion of mutation]
   227 | D:1      | Reached XP level 2. HP: 31/31 MP: 1/1
   745 | D:2      | Reached skill level 3 in Short Blades
   745 | D:2      | Reached XP level 3. HP: 39/39 MP: 2/2
   753 | D:2      | Slain by a gnoll

Vault maps used:
D:1:      dpeg_arrival_chase
D:2:      nicolae_ru_awakened_eye

Skill      XL: |  1  2 |
---------------+-------+-----
Short Blades   | 3 |  3.0
Fighting       | |  2.7
Dodging        | |  2.7

Action                   || total
-------------------------++-------
Melee: Short sword       ||    72
       Kick              ||    17
  Use: Potion            ||     3
       Scroll            ||     2
  Eat: Chunk             ||     5
       Bread ration      ||     2
Armor: Animal skin       ||    36
Dodge: Dodged            ||    53
